 Dungeon Crawl Stone Soup version 0.26-a0-812-g31a745ddcd (webtiles) character file.

Game seed: 17046997068451423643

512 Dracia the Ducker (level 6, -3/47 HPs)
             Began as a Demonspawn Monk on Dec 3, 2020.
             Slain by a sky beast (6 damage)
             ... on level 5 of the Dungeon.
             The game lasted 00:06:33 (4073 turns).

Dracia the Ducker (Demonspawn Monk)                 Turns: 4073, Time: 00:06:35

Health: -3/47      AC:  7    Str: 12    XL:     6   Next: 99%
Magic:  6/6        EV:  4    Int: 21    God:
Gold:   121        SH:  0    Dex: 16    Spells: 5/5 levels left

rFire    . . .     SeeInvis .   a - +1 spear
rCold    . . .     Faith    .   (no shield)
rNeg     . . .     Spirit   .   q - +0 plate armour
rPois    .         Reflect  .   p - +0 helmet {Int+3}
rElec    .         Harm     .   (no cloak)
rCorr    .         Rampage  .   (no gloves)
MR       .....                  (no boots)
Stlth    ..........             j - amulet of regeneration
HPRegen  0.55/turn              c - ring of New Discoveries {+Fly Int+6}
MPRegen  0.10/turn              (no ring)

@: no status effects
A: claws 1, hooves 1, deformed body, deterioration 1, powered by pain 1, sharp
scales 1
a: Evoke Flight


You were on level 5 of the Dungeon.
You visited 1 branch of the dungeon, and saw 5 of its levels.

You collected 121 gold pieces.


Innate Abilities, Weirdness & Mutations

You have sharp fingernails.
You sometimes gain a little power by taking damage.
You are partially covered in razor-sharp scales. (AC +1, Slay +1)
You have large cloven feet.
Armour fits poorly on your strangely shaped body.
Your body sometimes deteriorates upon taking damage.


   Skills:
 - Level 3.0 Fighting
 + Level 5.3 Polearms
 + Level 5.4 Dodging
 - Level 1.7 Stealth
 + Level 1.1 Evocations


You had 5 spell levels left.
You didn't know any spells.
Your spell library was empty.

Inventory:

Hand Weapons
 a - a +1 spear (weapon)
Missiles
 k - 18 poisoned darts (quivered)
Armour
 b - a +0 robe
 g - a +0 leather armour
 i - a +0 helmet
 p - a +0 helmet of intelligence (worn)
 q - a +0 plate armour (worn)
Jewellery
 c - the ring of New Discoveries (left claw) {+Fly Int+6}
   (You found it on level 4 of the Dungeon)

   [ring of intelligence]

   It affects your intelligence (+6).
   It lets you fly.
 j - an amulet of regeneration (around neck)
Scrolls
 e - a scroll of remove curse {@r2@r2}
 f - 3 scrolls of identify {@r1@r1}
 n - a scroll of fog {unknown}
 o - a scroll of fear
Potions
 d - 3 potions of curing {@q1@q1}
 m - a potion of might

Dungeon Overview and Level Annotations

Branches:
Dungeon (5/15)
 Temple: D:4-7

Altars:
Dithmenos
Zin

Annotations:
D:2 Natasha, Sigmund
D:5 1 runed translucent door

........# . .......#
+.....# ..####...#..#
#.....#
.........#..####.....###
.........+..............
.........##..........# #
.......†....# #......# #
......#@Y...###....#.###
......≈............#....
...................#.###
.................#......
########...............#
............<....+
..................#
.................###
.................#


You could see a sky beast.


Message History

The bullfrog is almost dead.
The bullfrog hits you but does no damage.
A sky beast appears from thin air!
Reactivating autopickup.
The sky beast completely misses you.
Unknown command.
You hit the bullfrog.
The bullfrog is almost dead.
The bullfrog hits you but does no damage.
The sky beast hits you but does no damage.
You hit the bullfrog.
You kill the bullfrog!
Your Evocations skill increases to level 1!
The sky beast barely misses you.
You completely miss the sky beast.
The sky beast is moderately wounded.
You miss the sky beast.
The sky beast is moderately wounded.
The sky beast hits you.
* * * LOW HITPOINT WARNING * * *
The sky beast shocks you.
* * * LOW HITPOINT WARNING * * *
Unknown command.
It was a potion of mutation.
You feel extremely strange.
You feel yourself wasting away.
Your body twists and deforms.
Your feet thicken and deform.
The sky beast hits you.
* * * LOW HITPOINT WARNING * * *
The sky beast shocks you.
You die...

Skill      XL: |  1  2  3  4  5  6 |
---------------+-------------------+-----
Polearms       | 3 4 5 |  5.3
Dodging        | 3 4 5 |  5.4
Evocations     | 1 |  1.1
Fighting       | |  3.0
Stealth        | |  1.7

Action                   |  1- 3 |  4- 6 || total
-------------------------+-------+-------++-------
Melee: Spear             |    96 |   343 ||   439
  Use: Scroll            |       |     8 ||     8
       Potion            |       |     5 ||     5
 Stab: Sleeping          |     6 |     1 ||     7
       Distracted        |     1 |       ||     1
Armor: Robe              |    15 |       ||    15
       Leather armour    |     5 |    26 ||    31
       Plate armour      |       |   167 ||   167
Dodge: Dodged            |    45 |    85 ||   130

Levels and vault maps discovered:
D:1:      psy_arrival_whirlpool, layout_basic
D:2:      layout_rooms, grunt_ministairs_1, uniq_sigmund, uniq_natasha
D:3:      layout_basic, grunt_dithmenos_smoke
D:4:      minmay_octagon_keep, layout_loops_ring, zin_statuary
D:5:      layout_basic, minmay_temple_entry_grid, gammafunk_ghost_grave,
          grunt_qazlal_clouds, uniq_pikel

Notes
Turn   | Place    | Note
-------+----------+-------------------------------------------
     0 | D:1      | Dracia the Demonspawn Monk began the quest for the Orb.
     0 | D:1      | Reached XP level 1. HP: 18/18 MP: 1/1
   314 | D:1      | Reached skill level 3 in Polearms
   314 | D:1      | Reached skill level 3 in Dodging
   314 | D:1      | Gained mutation: You are partially covered in razor-sharp
                  | scales. (AC +1, Slay +1) [demonic ancestry]
   314 | D:1      | Reached XP level 2. HP: 18/24 MP: 2/2
  1013 | D:1      | Gained mutation: You have sharp fingernails. [demonic
                  | ancestry]
  1013 | D:1      | Reached XP level 3. HP: 29/29 MP: 3/3
  1395 | D:2      | Noticed Natasha
  1404 | D:2      | Killed Natasha
  1404 | D:2      | Reached XP level 4. HP: 25/35 MP: 4/4
  1581 | D:2      | Noticed Natasha
  1718 | D:2      | Noticed Sigmund
  1892 | D:2      | Reached skill level 4 in Polearms
  1892 | D:2      | Reached skill level 4 in Dodging
  2379 | D:3      | Found a shadowy altar of Dithmenos.
  2594 | D:3      | Reached XP level 5. HP: 41/41 MP: 5/5
  3074 | D:4      | Got a flickering steel ring
  3075 | D:4      | Identified the ring of New Discoveries {+Fly Int+6} (You
                  | found it on level 4 of the Dungeon)
  3247 | D:4      | Found a glowing silver altar of Zin.
  3356 | D:4      | Noticed a phantom
  3406 | D:4      | Killed a phantom
  3406 | D:4      | Gained mutation: You sometimes gain a little power by
                  | taking damage. [demonic ancestry]
  3406 | D:4      | Reached XP level 6. HP: 40/47 MP: 6/6
  3453 | D:4      | Reached skill level 5 in Polearms
  3453 | D:4      | Reached skill level 5 in Dodging
  4000 | D:5      | Entered Level 5 of the Dungeon
  4011 | D:5      | Found a runed translucent door.
  4028 | D:5      | Noticed a sky beast
  4070 | D:5      | Reached skill level 1 in Evocations
  4072 | D:5      | HP: 4/47 [sky beast (5)]
  4073 | D:5      | Gained mutation: Your body sometimes deteriorates upon
                  | taking damage. [potion of mutation]
  4073 | D:5      | Gained mutation: Armour fits poorly on your strangely
                  | shaped body. [potion of mutation]
  4073 | D:5      | Gained mutation: You have large cloven feet. [potion of
                  | mutation]
  4073 | D:5      | Slain by a sky beast

Vanquished Creatures
  A phantom (D:4)
  A bullfrog (D:5)
  A scorpion (D:4)
  2 hounds (D:4)
  A centaur skeleton (D:5)
  An orc wizard (D:4)
  A worker ant (D:4)
  Natasha (D:2)
  6 adders
  An ooze (D:1)
  A worm (D:2)
  5 leopard geckos
  6 orcs
  7 bats
  2 giant cockroaches
  5 goblins
  11 hobgoblins
  4 jackals (D:2)
  10 kobolds
  2 quokkas (D:4)
  A ball python (D:4)
  2 frilled lizards
  A jackal skeleton (D:4)
  A quokka skeleton (D:5)
  5 rats
79 creatures vanquished.

Table legend: (Time is in decaauts)
 A = Elapsed time spent in this place.
 B = Non-inter-level travel time spent in this place.
 C = Inter-level travel time spent in this place.
 D = Time resting spent in this place.
 E = Time spent auto-exploring this place.
 F = Levels seen in this place.
 G = Mean time per level.
                   A        B        C        D        E       F      G
               +--------+--------+--------+--------+--------+-----+--------+
         Total |   4027 |   3931 |     96 |    366 |   2863 |   5 |  805.4 |
       Dungeon |   4027 |   3931 |     96 |    366 |   2863 |   5 |  805.4 |
               +--------+--------+--------+--------+--------+-----+--------+

Top non-repeatable levels by time:
     D:1: 1130 daAuts
     D:4: 1037 daAuts
     D:2: 904 daAuts
     D:3: 888 daAuts
     D:5: 66 daAuts

Table legend:
 A = Non-vault XP
 B = Vault XP
 C = Vault XP percentage of total XP
 D = Non-vault monster count
 E = Vault monster count
 F = Vault count percentage of total count
                 A         B        C        D         E       F
            +---------+---------+-------+---------+---------+-------
      Total |     423 |     309 |  42.2 |      68 |      11 |  13.9
            +---------+---------+-------+---------+---------+-------
        D:1 |      41 |       0 |   0.0 |      19 |       0 |   0.0
        D:2 |      78 |      40 |  33.9 |      21 |       3 |  12.5
        D:3 |      37 |       0 |   0.0 |      16 |       0 |   0.0
        D:4 |     133 |     269 |  66.9 |       9 |       8 |  47.1
        D:5 |     134 |       0 |   0.0 |       3 |       0 |   0.0
            +---------+---------+-------+---------+---------+-------
